Map: Acid Plant LE

Players

Hurricane - Winner!

  • Race: Protoss Protoss
  • Spawn Location: 5:00

Neeb

  • Race: Protoss Protoss
  • Spawn Location: 11:00

Event: IEM Season 12 - Katowice

VOD

Have the link to the VOD?

Description

Time

  • Played on: Feb. 27, 2018, 9:53 a.m.
  • Length: 10:13

All games in this series

Show
View Real Time Build Order
Export as new Build Order

Hurricane Protoss - Winner!

Build Orders: Blink Stalkers, Zealot Archon 

Get SALT Encoding   

  12  0:00  Probe  
  13  0:12  Probe  
  14  0:17  Pylon  
  14  0:24  Probe (Chrono Boost)  
  15  0:37  Probe (Chrono Boost)  
  15  0:39  Gateway  
  16  0:44  Probe (Chrono Boost)  
  16  0:46  Assimilator  
  17  0:51  Probe  
  17  0:54  Assimilator  
  18  1:03  Probe (Chrono Boost)  
  19  1:07  Gateway  
  19  1:13  Probe (Chrono Boost)  
  20  1:18  Probe (Chrono Boost)  
  21  1:26  Cybernetics Core  
  21  1:29  Probe  
  22  1:34  Pylon  
  22  1:41  Probe  
  23  1:53  Probe  
  24  2:04  Adept x2, Warp Gate  
  28  2:15  Pylon  
  28  2:26  Twilight Council  
  28  2:33  Probe  
  28  2:48  Nexus  
  28  2:51  Probe  
  29  2:58  Blink (Chrono Boost)  
  29  3:04  Probe (Chrono Boost)  
  30  3:16  Probe (Chrono Boost), Sentry  
  30  3:17  Sentry  
  35  3:22  Probe (Chrono Boost), Shield Battery  
  36  3:33  Probe  
  37  3:42  Robotics Facility  
  37  3:45  Probe  
  36  3:51  Gateway  
  36  3:57  Probe  
  36  4:01  Probe  
  38  4:07  Stalker x2  
  42  4:11  Probe  
  42  4:15  Probe  
  44  4:23  Probe  
  45  4:25  Phoenix  
  45  4:27  Probe  
  45  4:30  Stalker  
  45  4:31  Stalker  
  50  4:35  Probe  
  50  4:38  Observer  
  52  4:40  Probe  
  53  4:45  Pylon  
  53  4:47  Probe, Forge  
  54  5:04  Probe x2  
  56  5:07  Assimilator x2  
  56  5:12  Stalker x2  
  59  5:15  Warp Prism  
  59  5:16  Probe  
  59  5:21  Protoss Ground Weapons Level 1 (Chrono Boost)  
  59  5:24  Pylon  
  61  5:29  Probe  
  61  5:35  Pylon  
  63  5:42  Probe  
  63  5:44  Stalker x3  
  69  5:51  Probe  
  69  5:54  Immortal  
  74  6:06  Pylon  
  74  6:07  Stalker  
  74  6:08  Stalker  
  78  6:15  Charge  
  78  6:16  Pylon  
  78  6:24  Probe x2  
  80  6:31  Templar Archives  
  80  6:37  Immortal (Chrono Boost)  
  84  6:51  Probe x2  
  84  6:52  Gateway x2  
  84  6:53  Gateway  
  86  6:56  Pylon  
  86  7:06  Protoss Ground Weapons Level 2 (Chrono Boost)  
  86  7:13  Immortal (Chrono Boost)  
  86  7:14  Zealot, High Templar x2  
  92  7:21  Archon  
  94  7:27  Gateway  
  94  7:28  Gateway  
  92  7:49  Nexus  
  92  7:50  Pylon  
  92  7:56  Zealot x2, High Templar x2  
  92  7:58  Zealot  
  102  8:01  Archon  
  102  8:08  Probe x2  
  86  8:27  Zealot x4  
  86  8:29  Probe x2  
  86  8:30  Pylon  
  94  8:38  Zealot x4  
  90  8:48  High Templar x3  
  90  8:49  High Templar  
  90  8:50  Probe x2  
  90  8:52  Archon x2  
  100  8:58  Pylon  
  100  9:06  Zealot x3  
  106  9:11  Zealot  
  94  9:32  Zealot x2  
  94  9:33  Zealot x6  
  92  9:53  Zealot x5  
  92  9:59  Zealot x2  
  98  10:06  Zealot  
Show
View Real Time Build Order
Export as new Build Order

Neeb Protoss 

Build Orders: Archon Immortal, Zealot Archon 

Get SALT Encoding   

  12  0:00  Probe  
  13  0:12  Probe  
  14  0:17  Pylon  
  14  0:25  Probe (Chrono Boost)  
  15  0:37  Probe (Chrono Boost), Gateway  
  16  0:45  Probe (Chrono Boost)  
  16  0:46  Assimilator  
  17  0:51  Probe  
  17  0:55  Assimilator  
  18  1:03  Probe (Chrono Boost)  
  19  1:08  Gateway  
  19  1:15  Probe (Chrono Boost)  
  20  1:21  Probe (Chrono Boost)  
  20  1:25  Cybernetics Core  
  21  1:29  Probe  
  22  1:36  Pylon  
  22  1:41  Probe  
  23  1:54  Probe  
  24  2:00  Warp Gate (Chrono Boost)  
  24  2:02  Sentry, Stalker  
  24  2:06  Probe  
  29  2:10  Pylon  
  29  2:18  Probe  
  30  2:31  Stalker  
  30  2:32  Stalker  
  33  2:52  Nexus  
  33  2:56  Probe  
  34  3:12  Shield Battery  
  35  3:13  Sentry x2  
  35  3:16  Probe  
  35  3:19  Pylon  
  39  3:29  Shield Battery  
  39  3:37  Probe  
  40  3:42  Shield Battery  
  40  3:49  Probe (Chrono Boost)  
  40  3:52  Robotics Facility  
  41  3:58  Forge  
  41  4:01  Probe (Chrono Boost)  
  42  4:05  Adept  
  42  4:07  Adept  
  47  4:11  Probe x2 (Chrono Boost)  
  48  4:20  Probe  
  48  4:21  Probe  
  50  4:27  Pylon  
  50  4:33  Probe x2 (Chrono Boost)  
  50  4:37  Protoss Ground Weapons Level 1 (Chrono Boost)  
  52  4:39  Observer (Chrono Boost)  
  52  4:45  Probe (Chrono Boost)  
  55  4:46  Pylon  
  55  4:51  Probe (Chrono Boost), Assimilator  
  56  4:53  Probe (Chrono Boost), Warp Prism (Chrono Boost)  
  56  4:57  Probe (Chrono Boost)  
  56  4:59  Probe  
  59  5:04  Pylon  
  59  5:06  Assimilator  
  60  5:09  Probe  
  60  5:11  Probe  
  58  5:21  Probe  
  58  5:23  Probe  
  58  5:26  Immortal (Chrono Boost)  
  58  5:27  Sentry, Twilight Council  
  66  5:30  Pylon  
  66  5:34  Twilight Council  
  66  5:40  Gateway  
  66  5:52  Adept x2  
  66  5:55  Immortal (Chrono Boost)  
  74  5:59  Pylon  
  74  6:02  Pylon  
  74  6:06  Gateway  
  74  6:07  Charge  
  74  6:10  Templar Archives  
  74  6:24  Nexus  
  74  6:26  Protoss Ground Weapons Level 2 (Chrono Boost)  
  74  6:28  Nexus  
  76  6:41  Pylon  
  76  6:45  Gateway  
  74  6:48  Gateway  
  74  6:53  Gateway  
  74  6:59  Immortal  
  78  7:08  Nexus  
  72  7:16  Probe x2  
  72  7:17  Gateway  
  72  7:18  Pylon  
  72  7:20  High Templar  
  72  7:21  High Templar x3  
  82  7:25  Archon x2  
  82  7:28  Probe  
  82  7:29  Probe  
  84  7:32  Pylon  
  84  7:41  Immortal (Chrono Boost)  
  86  7:49  Shield Battery  
  86  7:50  Shield Battery  
  88  7:53  High Templar  
  88  7:55  Zealot x2, High Templar  
  96  8:01  Zealot, Archon, Shield Battery  
  96  8:03  Zealot  
  96  8:18  Zealot x3  
  90  8:22  Probe  
  90  8:23  Probe x2  
  91  8:30  Immortal (Chrono Boost)  
  95  8:34  Probe  
  95  8:37  Zealot x2  
  87  8:43  Zealot  
  87  8:48  Zealot, Sentry, High Templar x2  
  87  8:52  Archon  
  87  8:53  Zealot  
  93  8:59  Zealot, Sentry  
  97  9:05  Probe  
  97  9:07  Immortal (Chrono Boost)  
  101  9:14  Zealot x2  
  105  9:17  Zealot x2  
  105  9:25  Zealot x3  
  105  9:30  Probe  
  100  9:34  Zealot  
  100  9:35  Probe  
  95  9:44  Zealot x4  
  93  9:50  Zealot x3  
  83  9:56  Zealot  
  83  9:59  Probe x2  
  64  10:04  Zealot x2  

Tags
 
Add a new tag
Caveats
  • Supply blocks, unpowered buildings, or Contaminate may cause inaccurate times.
  • Supply counts are checked every 10 seconds.